 Dungeon Sprint DCSS version 0.27-a0-1301-g128193abf8 (webtiles) character file.

Game seed: 5348374376822652573

1836 mhtbhm the Thaumaturge (level 8, 0/37 HPs)
             Began as a Spriggan Earth Elementalist on June 17, 2021.
             Was a Believer of Vehumet.
             Slain by a manticore (12 damage)
             ... in the Dungeon (Sprint IX: "|||||||||||||||||||||||||||||").
             The game lasted 00:03:18 (1472 turns).

mhtbhm the Thaumaturge (SpEE)                       Turns: 1472, Time: 00:03:19

Health: 0/37       AC:  2    Str: 11    XL:     8   Next: 87%
Magic:  12/27      EV: 22    Int: 21    God:    Vehumet [**....]
Gold:   0          SH:  0    Dex: 16    Spells: 20/35 levels left

rFire    . . .     SeeInvis +   a - +2 rapier "Xyzapu" {vorpal, Str+4 Int+3}
rCold    . . .     Faith    .   (shield restricted)
rNeg     . . .     Spirit   .   b - +0 robe
rPois    .         Reflect  .   (helmet restricted)
rElec    .         Harm     .   (no cloak)
rCorr    .         Rampage  .   (gloves unavailable)
Will     +....     NoTele   +   (boots unavailable)
Stlth    ++++......             (no amulet)
HPRegen  0.12/turn              m - +2 ring of evasion
MPRegen  0.20/turn              n - +3 ring of strength

@: spiked, very quick
A: very small, no large weapons, unfitting armour, see invisible, speed 3
a: Renounce Religion


You were in the Dungeon.
You worshipped Vehumet.
Vehumet was pleased with you.
You visited 1 branch

Inventory:

Hand Weapons
 a - the +2 rapier "Xyzapu" (weapon) {vorpal, Str+4 Int+3}
   (You found it in the Dungeon)

   It inflicts extra damage upon your enemies.
   It affects your strength (+4).
   It affects your intelligence (+3).
Missiles
 i - 12 stones
Armour
 b - a +0 robe (worn)
Jewellery
 m - a +2 ring of evasion (left hand)
 n - a +3 ring of strength (right hand)
Wands
 l - a wand of acid (9)
Scrolls
 h - 2 scrolls of blinking
 k - 2 scrolls of amnesia
Potions
 c - 5 potions of curing
 d - 2 potions of heal wounds
 e - a potion of haste
 f - 4 potions of magic
 g - a potion of berserk rage
 j - a potion of invisibility


   Skills:
 + Level 0.3 Fighting
 + Level 6.2 Dodging
 + Level 9.3 Stealth
 + Level 14.3 Spellcasting
 + Level 2.2 Conjurations
 + Level 1.8 Transmutations
 + Level 12.4 Earth Magic
 + Level 0.4 Evocations


You had 20 spell levels left.
You knew the following spells:

 Your Spells              Type           Power      Damage    Failure   Level
a - Sandblast             Erth           100%       2d20      1%          1
b - Passwall              Tmut/Erth      37%        N/A       1%          2
c - Stone Arrow           Conj/Erth      92%        3d12      1%          3
d - Lee's Rapid Deconstr  Erth           30%        3d17*     1%          5
e - Petrify               Tmut/Erth      45%        N/A       2%          4

Your spell library contained the following spells:

 Spells                   Type           Power      Damage    Failure   Level
 Freeze                   Ice            60%        1d8       4%          1


Dungeon Overview and Level Annotations

Branches:
Dungeon (1/1)

Altars:
Cheibriados
Dithmenos
Elyvilon
Fedhas
Gozag
Hepliaklqana
Kikubaaqudgha
Makhleb
Nemelex Xobeh
Okawaru
Qazlal
Ru
Sif Muna
Trog
Uskayaw
Vehumet
Wu Jian
Xom
Yredelemnul
Zin
The Shining One
Beogh
Jiyva
Lugonu


Innate Abilities, Weirdness & Mutations

You are very small and have problems with some larger weapons.
You are too small for most types of armour.
You have supernaturally acute eyesight. (SInv)
You cover ground extremely quickly. (Speed+++)


Message History

Aiming: Petrify (dangerous; 2% risk of failure)
Press: ? - help, Shift-Dir - straight line, f/p - manticore
Aim: a manticore (chance to affect: 52%)
The manticore resists with significant effort.
The manticore flicks its tail.
The volley of spikes misses you.
Unknown command.
Unknown command.
Casting: Petrify (dangerous; 2% risk of failure)
Confirm with . or Enter, or press ? or * to list all spells.
Aiming: Petrify (dangerous; 2% risk of failure)
Press: ? - help, Shift-Dir - straight line, f/p - manticore
Aim: a manticore (chance to affect: 52%)
Okay, then.
You feel much better.
Unknown command.
Casting: Petrify (dangerous; 2% risk of failure)
Confirm with . or Enter, or press ? or * to list all spells.
Aiming: Lee's Rapid Deconstruction (dangerous; 1% risk of failure)
Press: ? - help, Dir - move target, f/p - manticore Fragment what (e.g. wall or brittle monster)?: a manticore An open door.
Okay, then.
Casting: Lee's Rapid Deconstruction (dangerous; 1% risk of failure)
Confirm with . or Enter, or press ? or * to list all spells.
Aiming: Petrify (dangerous; 2% risk of failure)
Press: ? - help, Shift-Dir - straight line, f/p - manticore
Aim: a manticore (chance to affect: 52%)
The manticore resists with significant effort.
The manticore closely misses you. The manticore claws you. x2
Unknown command.
Unknown command.
Casting: Petrify (dangerous; 2% risk of failure)
Confirm with . or Enter, or press ? or * to list all spells.
Aiming: Petrify (dangerous; 2% risk of failure)
Press: ? - help, Shift-Dir - straight line, f/p - manticore
Aim: a manticore (chance to affect: 52%)
The manticore is moving more slowly.
The manticore bites you! The manticore claws you!
You die...

▓W▓
▓O▓
▓.▓
▓e▓
▓c▓
▓J▓
▓H▓
▓@▓
▓.▓
▓.▓
▓.▓
▓.▓
▓.▓
▓'▓
▓.▓
▓.▓


You could see a slime creature, a centaur warrior, a two-headed ogre, a
manticore (petrifying), a deep elf pyromancer and a wraith.

Vanquished Creatures
  2 two-headed ogres (D)
  A vampire (D)
  A wraith (D)
  A centaur (D)
  An ogre (D)
  A howler monkey (D)
  A hound (D)
  A white imp (D)
  An adder skeleton (D)
  A hobgoblin (D)
  A jackal (D)
  A kobold (D)
  2 quokkas (D)
  A ball python (D)
16 creatures vanquished.

Notes
Turn   | Place    | Note
-------+----------+-------------------------------------------
     0 | D        | mhtbhm the Spriggan Earth Elementalist began the quest for
                  | the Orb.
     0 | D        | Reached XP level 1. HP: 9/9 MP: 5/5
     5 | D        | Reached skill level 3 in Spellcasting
    20 | D        | Reached skill level 4 in Spellcasting
   247 | D        | Noticed an ogre
   247 | D        | Noticed a hound
   249 | D        | Killed a hound
   250 | D        | Reached skill level 5 in Spellcasting
   250 | D        | Reached XP level 2. HP: 1/13 MP: 5/9
   250 | D        | Reached XP level 3. HP: 2/16 MP: 5/10
   256 | D        | Killed an ogre
   257 | D        | Reached skill level 5 in Stealth
   257 | D        | Reached skill level 7 in Spellcasting
   257 | D        | Reached XP level 4. HP: 3/21 MP: 2/14
   513 | D        | Learned a level 2 spell: Passwall
   517 | D        | Learned a level 3 spell: Stone Arrow
   571 | D        | Found a snail-covered altar of Cheibriados.
   571 | D        | Found a shadowy altar of Dithmenos.
   571 | D        | Found a white marble altar of Elyvilon.
   571 | D        | Found a blossoming altar of Fedhas.
   571 | D        | Found an opulent altar of Gozag.
   572 | D        | Found a hazy altar of Hepliaklqana.
   573 | D        | Found a viscous altar of Jiyva.
   574 | D        | Found an ancient bone altar of Kikubaaqudgha.
   575 | D        | Found a corrupted altar of Lugonu.
   576 | D        | Found a burning altar of Makhleb.
   577 | D        | Found a sparkling altar of Nemelex Xobeh.
   578 | D        | Found an iron altar of Okawaru.
   579 | D        | Found a stormy altar of Qazlal.
   580 | D        | Found a sacrificial altar of Ru.
   581 | D        | Found a shimmering blue altar of Sif Muna.
   582 | D        | Found a bloodstained altar of Trog.
   583 | D        | Found a hide-covered altar of Uskayaw.
   584 | D        | Found a radiant altar of Vehumet.
   585 | D        | Found an ornate altar of the Wu Jian Council.
   586 | D        | Found a shimmering altar of Xom.
   587 | D        | Found a basalt altar of Yredelemnul.
   588 | D        | Found a glowing silver altar of Zin.
   589 | D        | Found a glowing golden altar of the Shining One.
   592 | D        | Became a worshipper of Vehumet
   607 | D        | Got the +2 rapier "Xyzapu" {vorpal, Str+4 Int+3}
   633 | D        | Noticed a centaur
   633 | D        | Noticed a vampire
   633 | D        | Noticed a wraith
   633 | D        | Noticed a two-headed ogre
   633 | D        | Noticed a two-headed ogre
   649 | D        | Killed a two-headed ogre
   650 | D        | Reached skill level 5 in Dodging
   650 | D        | Reached skill level 11 in Spellcasting
   650 | D        | Reached skill level 1 in Conjurations
   650 | D        | Reached skill level 10 in Earth Magic
   650 | D        | Reached XP level 5. HP: 24/24 MP: 3/20
   650 | D        | Reached XP level 6. HP: 28/28 MP: 3/21
   650 | D        | Reached XP level 7. HP: 32/32 MP: 3/23
   752 | D        | Reached skill level 12 in Spellcasting
   838 | D        | Learned a level 5 spell: Lee's Rapid Deconstruction
   843 | D        | Learned a level 4 spell: Petrify
   855 | D        | Killed a two-headed ogre
   855 | D        | Reached * piety under Vehumet
   855 | D        | Offered knowledge of Foxfire by Vehumet.
   856 | D        | Reached skill level 13 in Spellcasting
   856 | D        | Reached XP level 8. HP: 36/36 MP: 4/26
  1058 | D        | Reached skill level 14 in Spellcasting
  1279 | D        | Offered knowledge of Freeze by Vehumet.
  1279 | D        | Reached ** piety under Vehumet
  1467 | D        | Noticed a two-headed ogre
  1467 | D        | Noticed a deep elf pyromancer
  1467 | D        | Noticed a centaur warrior
  1467 | D        | Noticed a slime creature
  1467 | D        | Noticed a manticore
  1472 | D        | Slain by a manticore

Illustrated notes

Levels and vault maps discovered:
D:        linesprint [early_d, line_temple, items_1, d_10, items_2, lair_1,
          lair_end, items_3, orc_1, orc_end, items_4, d_15, swamp_1, shoals_1,
          snake_1, spider_1, d_20, vaults_1, items_5, swamp_end, shoals_end,
          snake_end, spider_end, vaults_end, d_27, items_6, zot_1, zot_end,
          crypt_end, forest_end, elf_end, slime_end, tomb_end, abyss_end,
          pan_hell_end]

Skill      XL: |  1  2  3  4  5  6  7  8 |
---------------+-------------------------+-----
Spellcasting   | 5 7 11 13 14 | 14.3
Earth Magic    | 4 6 10 11 12 | 12.4
Dodging        | 3 4 5 6 |  6.2
Stealth        | 4 5 8 9 |  9.3
Conjurations   | 1 2 |  2.2
Fighting       | |  0.3
Transmutations | |  1.8
Evocations     | |  0.4

Action                   |  1- 3 |  4- 6 |  7- 9 || total
-------------------------+-------+-------+-------++-------
 Cast: Sandblast         |    12 |     3 |     3 ||    18
       Stone Arrow       |       |     5 |     7 ||    12
       Lee's Rapid Decon |       |       |     9 ||     9
       Petrify           |       |       |     5 ||     5
Evoke: Wand              |       |       |     1 ||     1
  Use: Potion            |       |       |     1 ||     1
Dodge: Dodged            |     5 |       |     4 ||     9

Table legend: (Time is in decaauts)
 A = Elapsed time spent in this place.
 B = Non-inter-level travel time spent in this place.
 C = Inter-level travel time spent in this place.
 D = Time resting spent in this place.
 E = Time spent auto-exploring this place.
 F = Levels seen in this place.
 G = Mean time per level.
                   A        B        C        D        E       F      G
               +--------+--------+--------+--------+--------+-----+--------+
         Total |   1377 |   1377 |      0 |   1153 |     50 |   1 | 1377.0 |
       Dungeon |   1377 |   1377 |      0 |   1153 |     50 |   1 | 1377.0 |
               +--------+--------+--------+--------+--------+-----+--------+

Top non-repeatable levels by time:
       D: 1377 daAuts
